 Dungeon Crawl Stone Soup version 0.30.1-11-g7821555f0a (webtiles) character file.

Game seed: 502801047695268736

8883 Cheops the Basher (level 11, -11/132 HPs)
             Began as an Ogre Ice Elementalist on Oct 30, 2023.
             Was a Believer of the Shining One.
             Killed from afar by a rime drake (28 damage)
             ... with an icy flash freeze
             ... on level 11 of the Dungeon.
             The game lasted 01:04:34 (13944 turns).

Cheops the Basher (Ogre Ice Elementalist)          Turns: 13944, Time: 01:04:35

Health: -11/132    AC: 29    Str: 20    XL:     11   Next: 37%
Magic:  15/18      EV:  1    Int: 22    God:    the Shining One [**....]
Gold:   567        SH:  0    Dex:  9    Spells: 9/20 levels left

rFire   . . .        a - +0 giant club
rCold   . . .        (shield currently unavailable)
rNeg    + . .        O - melded +0 steam dragon scales
rPois   +            (helmet currently unavailable)
rElec   .            E - melded scarf {repulsion}
rCorr   .            (gloves unavailable)
SInv    +            (boots unavailable)
Will    +....        (no amulet)
Stlth   +            B - ring of Vuimin {Str+6 Int+2 SInv}
HPRegen 0.42/turn    q - +4 ring of protection
MPRegen 0.16/turn

%: no passive effects
@: mighty, tree-form, glowing
A: stationary, stasis, torment immunity, boosted hp, large, unfitting armour,
(tough skin 1)
a: Renounce Religion, Divine Shield


You were on level 11 of the Dungeon.
You worshipped the Shining One.
The Shining One was pleased with you.
You were a tree.
You visited 2 branches of the dungeon, and saw 12 of its levels.

You collected 567 gold pieces.

Inventory:

Hand Weapons
 a - a +0 giant club (weapon)
 b - a +1 mace of holy wrath
 c - a +0 hand axe of flaming
 d - a +0 morningstar
 e - a +0 whip of venom
 g - a +3 flail
Armour
 h - a +0 cloak
 E - a scarf of repulsion (melded)
 G - a +0 robe
 K - a +0 troll leather armour
 O - +0 steam dragon scales (melded)
Magical Staves
 J - a staff of conjuration
Jewellery
 k - a ring of positive energy
 q - a +4 ring of protection (right branch)
 B - the ring of Vuimin (left branch) {Str+6 Int+2 SInv}
   (You acquired it on level 8 of the Dungeon)

   [ring of strength]

   Str:       It affects your strength (+6).
   Int:       It affects your intelligence (+2).
   SInv:      It lets you see invisible.
 I - a ring of magical power
Wands
 i - a wand of polymorph (9)
 A - a wand of paralysis (18)
 M - a wand of mindburst (13)
 P - a wand of flame (7)
Scrolls
 j - a scroll of brand weapon
 n - a scroll of immolation
 r - 4 scrolls of enchant armour {unknown}
 s - 2 scrolls of blinking {unknown}
 u - a scroll of magic mapping
 x - a scroll of butterflies
 y - a scroll of fear
 C - 2 scrolls of fog
 H - a scroll of vulnerability
 N - 5 scrolls of teleportation
 Q - a scroll of amnesia
 S - 2 scrolls of poison
Potions
 l - a potion of lignification
 m - a potion of might
 o - 4 potions of curing
 p - 4 potions of mutation {unknown}
 t - 2 potions of cancellation {unknown}
 v - 2 potions of magic
 z - 5 potions of attraction
 D - 3 potions of heal wounds {unknown}
 F - a potion of brilliance {unknown}
 L - 2 potions of flight {unknown}
 R - a potion of haste


   Skills:
 + Level 11.1 Maces & Flails
 - Level 1.7 Dodging
 - Level 1.4 Stealth
 - Level 5.0 Spellcasting
 - Level 5.0 Summonings
 - Level 9.0 Ice Magic
 - Level 6.1 Invocations


You had 9 spell levels left.
You knew the following spells:

 Your Spells              Type           Power      Damage    Failure   Level
a - Freeze                Ice            100%       1d10      1%          1
r - Frozen Ramparts       Ice            90%        1d14      1%          3
A - Ozocubu's Armour      Ice            45%        N/A       1%          3
I - Summon Ice Beast      Ice/Summ       36%        N/A       5%          4

Your spell library contained the following spells:

 Spells                   Type           Power      Damage    Failure   Level
 Summon Small Mammal      Summ           100%       N/A       1%          1
 Call Imp                 Summ           54%        N/A       1%          2
 Call Canine Familiar     Summ           27%        N/A       3%          3
 Apportation              Tloc           10%        N/A       10%         1
 Foxfire                  Conj/Fire      20%        2x1d5     10%         1
 Kiss of Death            Conj/Necr      20%        2d7       10%         1
 Magic Dart               Conj           20%        1d4       10%         1
 Summon Guardian Golem    Hex/Summ       16%        N/A       11%         3
 Blink                    Tloc           10%        N/A       16%         2
 Lesser Beckoning         Tloc           10%        N/A       16%         2
 Momentum Strike          Conj/Tloc      10%        3d8       16%         2
 Sublimation of Blood     Necr           5%         N/A       16%         2
 Wereblood                Tmut           5%         N/A       16%         2
 Confusing Touch          Hex            5%         N/A       30%         3
 Mephitic Cloud           Conj/Pois/Air  5%         N/A       30%         3
 Dispel Undead            Necr           5%         3d7       69%         4
 Leda's Liquefaction      Hex/Erth       2%         N/A       69%         4
 Manifold Assault         Tloc           5%         N/A       69%         4
 Summon Forest            Summ/Tloc      8%         N/A       69%         5
 Summon Mana Viper        Hex/Summ       16%        N/A       69%         5
 Summon Cactus Giant      Summ           13%        N/A       89%         6
 Alistair's Intoxication  Tmut/Pois      3%         N/A       95%         5
 Fireball                 Conj/Fire      2%         3d4       95%         5
 Lee's Rapid Deconstruct  Erth           2%         3d5*      95%         5
 Dispersal                Tloc           2%         N/A       100%        6
 Plasma Beam              Fire/Air       2%         2x1d14    100%        6
 Starburst                Conj/Fire      2%         6d3       100%        6
 Statue Form              Tmut/Erth      3%         N/A       100%        6
 Summon Hydra             Summ           13%        N/A       100%        7
 Disjunction              Tloc           2%         N/A       100%        8


Dungeon Overview and Level Annotations

Branches:
Dungeon (11/15)            Temple (1/1) D:5            Lair (0/5) D:11
    Orc (0/2) D:10

Altars:
Ashenzari
Cheibriados
Dithmenos
Elyvilon
Fedhas
Gozag
Hepliaklqana
Kikubaaqudgha
Makhleb
Nemelex Xobeh
Okawaru
Qazlal
Ru
Sif Muna
Trog
Uskayaw
Vehumet
Wu Jian
Xom
Yredelemnul
Zin
The Shining One

Annotations:
D:7 2 transporters, KittyFluff's ghost, novice GrBe


Innate Abilities, Weirdness & Mutations

You are a tree.
Your roots penetrate the ground, keeping you stationary.
You cannot be teleported.
You are immune to unholy pain and torment.
Your maximum health is greatly increased.
Your equipment is partially melded.
You are too large for most types of armour.
((You have tough skin. (AC +1)))


Message History

Okay, then.
Your icy armour and frozen ramparts will break if you move.
Continue?
The wolf attacks as you move away! The wolf bites you but does no damage.
Your icy armour cracks and falls away as you move.
The frozen ramparts melt away as you move.
The wolf completely misses you. The wolf attacks as you move away!
The wolf barely misses you. The ice encasing you melts away.
The wolf bites you.
* * * LOW HITPOINT WARNING * * *
The wolf bites you!
* * * LOW HITPOINT WARNING * * *
The wolf attacks as you move away! The wolf bites you but does no damage.
The wolf bites you.
* * * LOW HITPOINT WARNING * * *
The wolf attacks as you move away! The wolf barely misses you.
The wolf bites you.
* * * LOW HITPOINT WARNING * * *
There is a stone staircase leading up here.
It was a potion of lignification.
You turn into a tree.
Your scarf of repulsion melds into your body.
Your +0 steam dragon scales melds into your body.
The haze of the repulsion field disappears.
Your roots penetrate the ground.
The wolf bites you but does no damage.
It was a potion of might.
You feel very mighty all of a sudden.
The wolf bites you but does no damage. x2
You closely miss the wolf.
The wolf is moderately wounded.
The wolf bites you but does no damage. x2
You sock the wolf!
You kill the wolf!
Okay, then.
Unknown command.
It was a potion of curing.
You feel better.
A polar bear comes into view.
The polar bear growls angrily.
The rime drake breathes ice at you. The icy flash freeze hits you!!
You die...

,*,*,*,,,,,,....#.#..........,,,*
,*,,,,,,,,,,.......#....#..,,,,,,
,*,*,*,,*,,,........?.....,,,,,,,
,*,*,*,,,,,,,#........#.#,,,*,,,,
,***,*,,,,,............##*.#.*,,,
,,,,,,,,,*,,...#......#.#...#**,*
,***,,,,,,,,#..#.....$.:.....*,,*
,,,,,,,,***##..#..........>..,,,*
,***,,,,,,,,...#♣†...........,,,,
***,,,,*######.##.....#.#....,,,*
,,,,,,,,...............###.##*,,,
****,,,**######.###...#.#,.D#,,,,
,,,,,,,* ####.#*..h.....,..,,,,
****,*,* #....###.....~##*,,,,,
****,*,* #.#### ##~..k..,,,,,,,
,,,,,*,* #.# *#~....,,,,,**
****,*,* ###.# *.#...,,,,,*


You could see a polar bear and a rime drake (catching breath).

Vanquished Creatures
  A two-headed ogre (D:10)
  A boulder beetle (D:10)
  A cyclops (D:9)
  2 kobold demonologists (D:7)
  A komodo dragon (D:10)
  A troll (D:9)
  2 hornets (D:8)
  A vampire (D:9)
  2 wraiths
  2 wyverns
  2 steam dragons
  A water moccasin (D:7)
  5 orc warriors
  A sky beast (D:8)
  A black bear (D:6)
  An ice beast (D:9)
  An ogre (D:5)
  4 wolves
  4 centaurs
  4 kobold brigands
  3 bullfrogs
  2 gnoll sergeants
  2 scorpions
  4 wights (D:8)
  5 howler monkeys
  4 hounds
  2 jellies
  4 orc priests
  3 iguanas
  A scorpion zombie (D:3)
  15 orc wizards
  A centaur simulacrum (D:9)
  11 gnolls
  11 adders
  5 white imps
  2 ufetubi
  An adder zombie (D:3)
  A worm (D:2)
  6 dart slugs
  31 orcs
  6 ball pythons
  3 endoplasms
  5 giant cockroaches
  7 goblins
  10 hobgoblins
  18 kobolds
  7 quokkas
  5 bats
  5 frilled lizards
  3 rats
221 creatures vanquished.

Vanquished Creatures (collateral kills)
  A two-headed ogre (D:9)
  A troll (D:8)
  A shadow (D:9)
  An ice beast (D:7)
  A wight (D:8)
5 creatures vanquished.

Vanquished Creatures (others)
  An orc wizard (D:3)
1 creature vanquished.

Grand Total: 227 creatures vanquished

Notes
Turn   | Place    | Note
-------+----------+-------------------------------------------
     0 | D:1      | Cheops the Ogre Ice Elementalist began the quest for the
                  | Orb.
     0 | D:1      | Reached XP level 1. HP: 16/16 MP: 3/3
   172 | D:1      | Reached XP level 2. HP: 24/24 MP: 2/5
   597 | D:1      | Reached XP level 3. HP: 28/31 MP: 3/7
   601 | D:1      | Learned a level 3 spell: Frozen Ramparts
   605 | D:1      | Learned a level 3 spell: Ozocubu's Armour
  1448 | D:2      | Reached XP level 4. HP: 39/39 MP: 4/8
  1823 | D:2      | Reached skill level 1 in Maces & Flails
  2218 | D:2      | Reached skill level 5 in Ice Magic
  2630 | D:3      | Reached XP level 5. HP: 45/45 MP: 4/9
  3070 | D:3      | Reached skill level 2 in Maces & Flails
  3330 | D:3      | Reached XP level 6. HP: 37/53 MP: 7/10
  3393 | D:3      | Found a basalt altar of Yredelemnul.
  3666 | D:3      | Learned a level 4 spell: Summon Ice Beast
  4023 | D:4      | Reached skill level 3 in Maces & Flails
  4223 | D:4      | Found a radiant altar of Vehumet.
  4231 | D:4      | Reached skill level 1 in Summonings
  4288 | D:4      | Found a blossoming altar of Fedhas.
  4665 | D:5      | Entered Level 5 of the Dungeon
  4736 | D:5      | Found a hazy altar of Hepliaklqana.
  4745 | D:5      | Reached XP level 7. HP: 49/59 MP: 5/11
  5032 | D:5      | Found a staircase to the Ecumenical Temple.
  5704 | D:6      | Reached skill level 4 in Maces & Flails
  5799 | D:6      | Reached XP level 8. HP: 37/67 MP: 0/12
  5898 | Temple   | Entered the Ecumenical Temple
  5923 | Temple   | Became a worshipper of the Shining One
  6065 | D:6      | Reached skill level 5 in Summonings
  6228 | D:6      | Found a white marble altar of Elyvilon.
  6501 | D:6      | Reached skill level 5 in Maces & Flails
  7243 | D:7      | Noticed a kobold demonologist
  7245 | D:7      | Noticed a kobold demonologist
  7268 | D:7      | Killed a kobold demonologist
  7286 | D:7      | Killed a kobold demonologist
  7287 | D:7      | Reached skill level 6 in Maces & Flails
  7287 | D:7      | Reached XP level 9. HP: 38/74 MP: 7/13
  7827 | D:7      | Reached * piety under the Shining One
  8227 | D:7      | Found a sacrificial altar of Ru.
  8430 | D:7      | Noticed a two-headed ogre
  8430 | D:7      | Noticed KittyFluff's ghost (novice GrBe)
  8431 | D:7      | Found a transporter.
  8439 | D:7      | Found a transporter.
  8472 | D:7      | Found a burning altar of Makhleb.
  9117 | D:8      | Noticed a hornet
  9124 | D:8      | Killed a hornet
  9125 | D:8      | Reached skill level 7 in Maces & Flails
  9147 | D:8      | Identified a scroll of acquirement
  9148 | D:8      | Acquired the ring of Vuimin {Str+6 Int+2 SInv}
  9335 | D:8      | Reached XP level 10. HP: 62/80 MP: 6/14
  9433 | D:8      | Reached skill level 8 in Maces & Flails
 10118 | D:9      | Noticed a two-headed ogre
 10137 | D:9      | Killed a two-headed ogre
 10138 | D:9      | Reached skill level 9 in Maces & Flails
 10138 | D:9      | Reached skill level 5 in Spellcasting
 10332 | D:9      | Noticed a cyclops
 10351 | D:9      | Killed a cyclops
 11412 | D:9      | Reached ** piety under the Shining One
 11788 | D:10     | Entered Level 10 of the Dungeon
 11909 | D:10     | Noticed a two-headed ogre
 11921 | D:10     | Killed a two-headed ogre
 11922 | D:10     | Reached skill level 5 in Invocations
 11922 | D:10     | Reached XP level 11. HP: 44/88 MP: 8/18
 12092 | D:10     | Noticed a boulder beetle
 12251 | D:10     | Reached skill level 10 in Maces & Flails
 12595 | D:10     | Found a staircase to the Orcish Mines.
 12997 | D:10     | Killed a boulder beetle
 13915 | D:11     | Found a staircase to the Lair.
 13917 | D:11     | Noticed a manticore
 13925 | D:11     | Reached skill level 11 in Maces & Flails
 13931 | D:11     | HP: 3/88 [wolf (4)]
 13944 | D:11     | Killed from afar by a rime drake

Illustrated notes

Levels and vault maps discovered:
D:1:      saegor_arrival_simple_a, layout_loops_ring, hex_medium
D:2:      layout_basic, minmay_lizard_pond
D:3:      layout_basic, lemuel_zombie_altar_yredelemnul
D:4:      layout_gridville, grunt_temple_overflow_open
D:5:      layout_loops_ring, lemuel_crystal_altar,
          minmay_temple_entry_from_below_a
D:6:      layout_loops_ring, nicolae_elyvilon_peaceful_grove
D:7:      layout_basic, mainiacjoe_overflow_divided_tiny, gammafunk_ghost_smash,
          chequers_serial_rivers_micro_b, minivault_24, minmay_fractal_squares_5
D:8:      layout_rooms, enter_bailey_2
D:9:      layout_layer_cave, serial_ice, serial_ice_g, serial_ice_f,
          serial_ice_a, serial_ice_m
D:10:     layout_irregular_city, david_orc_3, nzn_sisyphean_effort
D:11:     layout_basic, hellmonk_lair_entry_icy, portal_ice_cave_rime,
          serial_shops, nicolae_shop_scrapyard
Temple:   hellmonk_temple_two_chambers

Skill      XL: |  1  2  3  4  5  6  7  8  9 10 11 |
---------------+----------------------------------+-----
Spellcasting   | 3 5 |  5.0
Ice Magic      | 4 5 6 7 9 |  9.0
Maces & Flails | 1 2 3 4 6 7 9 11 | 11.1
Summonings     | 1 4 5 |  5.0
Invocations    | 5 6 |  6.1
Dodging        | |  1.7
Stealth        | |  1.4

Action                     |  1- 3 |  4- 6 |  7- 9 | 10-12 || total
---------------------------+-------+-------+-------+-------++-------
  Melee: Club              |     5 |    67 |       |       ||    72
         Punch             |       |     2 |       |     1 ||     3
         Mace              |       |    10 |    89 |    44 ||   143
         Hand axe          |       |     6 |       |       ||     6
         Flail             |       |       |       |    57 ||    57
         Giant club        |       |       |       |     7 ||     7
   Cast: Freeze            |    56 |    64 |    73 |    78 ||   271
         Frozen Ramparts   |       |    13 |    31 |    23 ||    67
         Ozocubu's Armour  |       |     2 |    13 |    14 ||    29
         Summon Ice Beast  |       |       |     4 |     6 ||    10
  Evoke: Wand              |       |       |     1 |     3 ||     4
    Use: Scroll            |     3 |     3 |     6 |     7 ||    19
         Potion            |       |       |     2 |     3 ||     5
 Armour: Robe              |    20 |    62 |    58 |     3 ||   143
         Troll leather arm |       |       |       |    27 ||    27
         Steam dragon scal |       |       |       |    66 ||    66
         Skin              |       |       |       |     5 ||     5
  Dodge: Dodged            |    29 |    48 |    92 |   105 ||   274
         Repelled          |       |       |       |     2 ||     2
